 Dungeon Crawl Stone Soup version 0.29-a0-422-gafbd6decc1 (webtiles) character file.

Game seed: 10309002810324499852

111 bladeefan the Skirmisher (level 4, -4/37 HPs)
             Began as a Demonspawn Chaos Knight on May 18, 2022.
             Was a Plaything of Xom.
             Slain by Natasha (5 damage)
             ... on level 2 of the Dungeon.
             The game lasted 00:04:21 (3163 turns).

bladeefan the Skirmisher (Demonspawn Chaos Knight)  Turns: 3163, Time: 00:04:21

Health: -4/37      AC:  8    Str: 15 (16) XL:     4   Next: 62%
Magic:  4/4        EV:  9    Int: 13      God:    Xom [*.....]
Gold:   102        SH:  0    Dex: 12 (13) Spells: 3/3 levels left

rFire   + + .      SeeInvis .   j - +0 hand axe
rCold   x . .      Faith    .   (no shield)
rNeg    . . .      Spirit   .   m - +0 fire dragon scales
rPois   .          Reflect  .   (no helmet)
rElec   .          Harm     .   (no cloak)
rCorr   .          Rampage  .   (no gloves)
Will    .....                   (no boots)
Stlth   ..........              (no amulet)
HPRegen 0.12/turn               (no ring)
MPRegen 0.09/turn               (no ring)

@: weak-willed
A: claws 2, deterioration 1, screaming 1, strong 1
a: Renounce Religion


You were on level 2 of the Dungeon.
You worshipped Xom.
You were a special plaything of Xom.
You visited 1 branch of the dungeon, and saw 2 of its levels.

You collected 102 gold pieces.

Inventory:

Hand Weapons
 j - a +0 hand axe (weapon)
   (You took it off Terence on level 2 of the Dungeon)
Armour
 m - +0 fire dragon scales (worn)
   (You found it on level 2 of the Dungeon)
Magical Staves
 n - a staff of air
   (You found it on level 2 of the Dungeon)
Scrolls
 e - a scroll of amnesia {unknown}
 g - a scroll of identify {@r1}
 h - 2 scrolls of immolation {!r}
 i - a scroll of summoning {unknown}
Potions
 a - a potion of brilliance {unknown}
 f - 2 potions of mutation {!q}
 l - 2 potions of might
Miscellaneous
 c - a piece from Xom's chessboard (15/15) (quivered)


   Skills:
 * Level 4.1 Fighting
 + Level 3.2 Axes
 + Level 2.5 Armour
 + Level 1.8 Dodging


You had 3 spell levels left.
You didn't know any spells.
Your spell library was empty.

Dungeon Overview and Level Annotations

Branches:
Dungeon (2/15)

Altars:
Yredelemnul

Annotations:
D:2 Natasha


Innate Abilities, Weirdness & Mutations

You have very sharp fingernails.
Your body sometimes deteriorates upon taking damage.
You occasionally shout uncontrollably at your foes.
Your muscles are strong. (Str +2)


Message History

You hit Natasha but do no damage. Natasha barely misses you.
You hit Natasha. Natasha claws you.
You hit Natasha. You hit the crimson imp. Natasha claws you but does no damage.
The crimson imp hits you.
You completely miss Natasha. You closely miss the crimson imp.
Natasha casts a spell at you. The magic dart hits you!
* * * LOW HITPOINT WARNING * * *
The crimson imp closely misses you.
You closely miss Natasha. You hit the crimson imp. Natasha closely misses you.
The crimson imp hits you.
* * * LOW HITPOINT WARNING * * *
You barely miss Natasha. You hit the crimson imp.
Natasha claws you but does no damage.
The crimson imp shouts, "Tremble, thou yeasty hedge-born clack-dish!"
The crimson imp hits you but does no damage.
Natasha stares at you and mumbles some strange words.
The magic dart hits you!
* * * LOW HITPOINT WARNING * * *
You hit Natasha. You barely miss the crimson imp. The crimson imp hits you.
* * * LOW HITPOINT WARNING * * *
Natasha claws you but does no damage. The crimson imp barely misses you.
You barely miss Natasha. You closely miss the crimson imp.
Natasha completely misses you. The crimson imp hits you.
* * * LOW HITPOINT WARNING * * *
You barely miss Natasha.
You hit the crimson imp but do no damage.
Natasha closely misses you. The crimson imp hits you.
* * * LOW HITPOINT WARNING * * *
Okay, then.
As you read the scroll labelled HIUSAMAIMINN, it crumbles to dust.
You hear a loud clanging noise!
It was a scroll of noise.
The crimson imp disappears in a puff of smoke!
Natasha mumbles some strange words.
Natasha's front paws start to glow.
Natasha barely misses you.
As you read the scroll labelled QUR UCYICUCA, it crumbles to dust.
Your body is wracked with pain!
* * * LOW HITPOINT WARNING * * *
It was a scroll of torment.
Natasha claws you but does no damage.
As you read the scroll labelled RIODYQ MOTZ, it crumbles to dust.
Magic quickly surges around you.
It was a scroll of vulnerability.
Natasha barely misses you. Natasha attacks as you move away!
Natasha closely misses you.
Natasha hisses.
Natasha claws you.
* * * LOW HITPOINT WARNING * * *
Natasha attacks as you move away! Natasha claws you.
You die...

#..#.#.#.#.#.#.#..#
#......
#.................#
#......
#...#.#.#.#.#.#..##
#...... #..............#.#
#...... #....#.#.#.#.#...#
##......
#####.........#..#
##......†
#.#.#.#.#.##.####........
##.......#....÷...#......
##.#####@.÷#..#####......
##..###.h.####.#####.#####
#....##.#### #....#..#
#....##....######...##
#....##.[...## #####
######............#
*********
#...##............#
*,,,,,,,*
#...#.............#
*,,,,,,,*
#...#.#.####.....##
*,,,,,,,*


You could see Natasha (weak-willed).

Vanquished Creatures
  Terence (D:2)
  Natasha (twice) (D:2)
  A worm (D:2)
  A dart slug (D:2)
  3 bats
  3 endoplasms (D:1)
  3 goblins (D:1)
  2 hobgoblins (D:2)
  4 jackals
  A quokka (D:1)
  3 ball pythons
  2 frilled lizards (D:1)
  4 rats (D:1)
30 creatures vanquished.

Notes
Turn   | Place    | Note
-------+----------+-------------------------------------------
     0 | D:1      | bladeefan the Demonspawn Chaos Knight began the quest for
                  | the Orb.
     0 | D:1      | Reached XP level 1. HP: 18/18 MP: 1/1
   112 | D:1      | Reached skill level 1 in Dodging
   174 | D:1      | XOM: butterfly on damage
   185 | D:1      | XOM: divination: detect creatures
   290 | D:1      | Gained mutation: You have sharp fingernails. [demonic
                  | ancestry]
   290 | D:1      | Reached XP level 2. HP: 10/24 MP: 2/2
   476 | D:1      | XOM: give mutations
   476 | D:1      | Gained mutation: You occasionally shout uncontrollably at
                  | your foes. [Xom's mischief]
   476 | D:1      | Gained mutation: Your muscles are strong. (Str +2) [Xom's
                  | mischief]
   476 | D:1      | Gained mutation: Your body sometimes deteriorates upon
                  | taking damage. [Xom's mischief]
   476 | D:1      | Gained mutation: You have very sharp fingernails. [Xom's
                  | mischief]
  1457 | D:2      | XOM: 4-stop teleportation journey
  1601 | D:2      | Found a basalt altar of Yredelemnul.
  1614 | D:2      | Noticed Terence
  1627 | D:2      | XOM: butterfly on damage
  1629 | D:2      | XOM: confuse monster(s)
  1637 | D:2      | Killed Terence
  1638 | D:2      | Reached XP level 3. HP: 11/30 MP: 3/3
  1657 | D:2      | XOM: 3-stop teleportation journey
  1950 | D:2      | XOM: 3-stop teleportation journey
  1950 | D:2      | Noticed Natasha
  1986 | D:2      | XOM: noise
  2199 | D:2      | Killed Natasha
  2200 | D:2      | Reached XP level 4. HP: 6/37 MP: 4/4
  2635 | D:2      | Reached skill level 4 in Fighting
  2801 | D:2      | Noticed Natasha
  2823 | D:2      | Killed Natasha
  3134 | D:2      | Noticed Natasha
  3160 | D:2      | HP: 1/37 [Natasha (3)]
  3163 | D:2      | Slain by Natasha

Illustrated notes

Levels and vault maps discovered:
D:1:      kennysheep_arrival_seaside, layout_basic, nicolae_figureground_pulse
D:2:      layout_rooms, basic_altar, hex_medium, uniq_natasha, uniq_terence

Skill      XL: |  1  2  3  4 |
---------------+-------------+-----
Dodging        | 1 |  1.8
Armour         | 2 |  2.5
Axes           | 3 |  3.2
Fighting       | 4 |  4.1

Action                   |  1- 3 |  4- 6 || total
-------------------------+-------+-------++-------
Melee: Hand axe          |    85 |    57 ||   142
  Use: Scroll            |     5 |     3 ||     8
       Potion            |     1 |       ||     1
Armor: Leather armour    |    25 |       ||    25
       Fire dragon scale |    12 |    22 ||    34
       Scale mail        |     3 |       ||     3
Dodge: Dodged            |    64 |    26 ||    90

Table legend: (Time is in decaauts)
 A = Elapsed time spent in this place.
 B = Non-inter-level travel time spent in this place.
 C = Inter-level travel time spent in this place.
 D = Time resting spent in this place.
 E = Time spent auto-exploring this place.
 F = Levels seen in this place.
 G = Mean time per level.
                   A        B        C        D        E       F      G
               +--------+--------+--------+--------+--------+-----+--------+
         Total |   3195 |   3137 |     58 |   1435 |   1274 |   2 | 1597.5 |
       Dungeon |   3195 |   3137 |     58 |   1435 |   1274 |   2 | 1597.5 |
               +--------+--------+--------+--------+--------+-----+--------+

Top non-repeatable levels by time:
     D:1: 1817 daAuts
     D:2: 1378 daAuts
